 Dungeon Sprint DCSS version 0.29-a0-414-g5075937ec3 (webtiles) character file.

Game seed: 11308763108742780848

6700000 Zeld the Intangible (level 25, -53/214 HPs)
             Began as a Djinni Monk on May 15, 2022.
             Was the Champion of Makhleb.
             Annihilated by a meat berserker
             ... wielding a +9 battleaxe
              (93 damage)
             ... in the Dungeon (Sprint VIII: "Arena of Blood").
             The game lasted 00:02:16 (67 turns).

Zeld the Intangible (Djinni Monk)                     Turns: 67, Time: 00:02:17

Health: -53/214    AC:  3    Str: 18    XL:     25   Next: 82%
Gold:   0          EV: 32    Int: 12    God:    Makhleb [******] SH:  0 Dex: 20

rFire   + + .      SeeInvis .   h - +∞ Axe of Woe
rCold   x . .      Faith    .   (shield currently unavailable)
rNeg    . . .      Spirit   .   a - +0 robe
rPois   ∞          Reflect  .   (no helmet)
rElec   .          Harm     .   (no cloak)
rCorr   .          Rampage  .   (no gloves)
Will    ++...      NoTele   +   (boots unavailable)
Stlth   ++++++++++              (no amulet)
HPRegen 0.45/turn               (no ring)
MPRegen 0.00/turn               (no ring)

@: spewing sludge, flying
A: sickness immunity, fire resistance 2, cold vulnerability 1, float, innate
caster, HP casting, extra vitality 1
a: Renounce Religion, Minor Destruction, Lesser Servant of Makhleb, Major
Destruction, Greater Servant of Makhleb


You were in the Dungeon.
You worshipped Makhleb.
Makhleb was exalted by your worship.
You visited 1 branch

Inventory:

Hand Weapons
 h - the +∞ Axe of Woe (weapon)
   (You found it in the Dungeon)
Armour
 a - a +0 robe (worn)
Scrolls
 g - a scroll of blinking
Potions
 b - a potion of ambrosia
 c - a potion of curing
 d - a potion of heal wounds
 e - a potion of haste
 f - a potion of berserk rage


   Skills:
 O Level 27 Fighting
 + Level 18.9(22.0) Short Blades
 + Level 19.0(22.0) Long Blades
 O Level 27 Axes
 + Level 17.5(26.1) Maces & Flails
 + Level 17.5(26.1) Polearms
 + Level 19.0(24.5) Staves
 + Level 17.5(20.4) Slings
 + Level 17.5 Bows
 + Level 17.5 Crossbows
 + Level 17.5(20.4) Throwing
 + Level 19.3 Armour
 O Level 27 Dodging
 O Level 27 Stealth
 + Level 19.3 Shields
 O Level 27 Unarmed Combat
 O Level 27 Spellcasting
 + Level 19.3 Invocations
 + Level 19.3 Evocations


You had 17 spell levels left.
You knew the following spells:

 Your Spells              Type           Power      Damage    Failure   Level
a - Magic Dart            Conj           100%       1d8       0%          1
b - Searing Ray           Conj           100%       2d8       0%          2
c - Call Imp              Summ           69%        N/A       0%          2
d - Animate Armour        Summ/Erth      100%       N/A       0%          4
e - Passage of Golubria   Tloc           69%        N/A       0%          4
f - Summon Forest         Summ/Tloc      34%        N/A       0%          5
g - Eringya's Noxious Bo  Tmut/Pois      34%        N/A       0%          6
h - Conjure Ball Lightni  Conj/Air       34%        3x3d11    0%          6
i - Malign Gateway        Summ/Tloc      34%        N/A       1%          7
j - Orb of Destruction    Conj           34%        9d10      1%          7
k - Infestation           Necr           34%        N/A       1%          8
l - Shatter               Erth           34%        3d28*     3%          9
Your spell library was empty.

Dungeon Overview and Level Annotations

Branches:
Dungeon (1/1)

Altars:
Makhleb


Innate Abilities, Weirdness & Mutations

You are immune to sickness and miasma.
You are immune to poison.
Your flesh is very heat resistant. (rF++)
You are vulnerable to cold. (rC-)
You float through the air rather than walking.
You learn spells naturally, not from books.
Your magical power is your life essence.
You have superior vitality. (+4 MHP)


Message History

Press < or > to pray at altars.
Unknown command.
Press < or > to pray at altars.
Casting: Shatter (dangerous; 3% risk of failure)
Confirm with . or Enter, or press ? or * to list all spells.
Okay, then.
Casting: Shatter (dangerous; 3% risk of failure)
Confirm with . or Enter, or press ? or * to list all spells.
Aiming: Infestation (mildly dangerous; 1% risk of failure)
Press: ? - help, Dir - move target You call forth a plague of scarabs!
The meat berserker is infested!
The meat berserker appears out of thin air!
A meat berserker comes into view. It is wielding a +9 battleaxe.
The meat berserker shouts!
You hear a shout! x6
A tyrant comes into view.
The dread calls on the powers of darkness!
The bag of meat convulses!
The meat berserker convulses!
Your body is wracked with pain!
The bag of meat convulses!
You hear a shout! x2
A meat berserker comes into view. It is wielding a +9 battleaxe.
The bag of meat festers in the toxic bog!
The bag of meat looks as sick as possible!
Unknown command.
Press < or > to pray at altars.
Unknown command.
Press < or > to pray at altars.
Unknown command.
Press < or > to pray at altars.
You hear a shout! x2
The bag of meat completely misses you.
The tyrant mumbles some strange words.
The tyrant seems to speed up.
The dread calls on the powers of darkness!
The bag of meat convulses! x2; The meat berserker convulses!
Your body is wracked with pain!
* * * LOW HITPOINT WARNING * * *
The bag of meat convulses!
You hear a shout! x5
The meat berserker hits you with a +9 battleaxe!!!!
You die...

.. .... .........
.#........
.........# .
.##.......o###O..
.......#..≈......
....O.)_)O.......
..o.#O)))o#......
. #_)o)@# ..O..
...#.≈)≈O#......
........_))o...♣..
.....≈.###).......
..###.. ..L#.#o..
. #.. ....#.o O.
#....W... ..
.......L. ..
...........


You could see 2 tyrants, a dread, 4 meat berserkers and 5 bags of meat.

Vanquished Creatures
  A hell beast (D)
  6 vampire knights (D)
  23 ogres (D)
  2 two-headed ogres (D)
  A lich (D)
  A hydra (D)
  22 orcs (D)
  4 skeletal warriors (D)
60 creatures vanquished.

Vanquished Creatures (others)
  3 ball lightnings (D)
3 creatures vanquished.

Grand Total: 63 creatures vanquished

Notes
Turn   | Place    | Note
-------+----------+-------------------------------------------
     0 | D        | Found the +∞ Axe of Woe
     0 | D        | Zeld the Djinni Monk began the quest for the Orb.
     0 | D        | Reached XP level 1. HP: 20/20 MP: 0/0
     2 | D        | Noticed a meat berserker
     2 | D        | Killed a meat berserker
     2 | D        | Noticed a bag of meat
     2 | D        | Noticed a bag of meat
     2 | D        | Noticed a bag of meat
     2 | D        | Noticed a bag of meat
     3 | D        | Reached skill level 15 in Fighting
     3 | D        | Reached skill level 5 in Stealth
     3 | D        | Reached skill level 15 in Unarmed Combat
     3 | D        | Reached skill level 10 in Spellcasting
     3 | D        | Reached XP level 2. HP: 44/44 MP: 0/0
     3 | D        | Reached XP level 3. HP: 49/49 MP: 0/0
     3 | D        | Learned a level 1 spell: Magic Dart
     3 | D        | Reached XP level 4. HP: 56/56 MP: 0/0
     3 | D        | Reached XP level 5. HP: 61/61 MP: 0/0
     3 | D        | Learned a level 2 spell: Searing Ray
     3 | D        | Reached XP level 6. HP: 67/67 MP: 0/0
     3 | D        | Reached XP level 7. HP: 73/73 MP: 0/0
     3 | D        | Learned a level 2 spell: Call Imp
     3 | D        | Reached XP level 8. HP: 79/79 MP: 0/0
     3 | D        | Reached XP level 9. HP: 85/85 MP: 0/0
     3 | D        | Learned a level 4 spell: Animate Armour
     3 | D        | Reached XP level 10. HP: 92/92 MP: 0/0
     3 | D        | Reached XP level 11. HP: 97/97 MP: 0/0
     3 | D        | Learned a level 4 spell: Passage of Golubria
     3 | D        | Reached XP level 12. HP: 103/103 MP: 0/0
     5 | D        | Noticed a meat berserker
     5 | D        | Became a worshipper of Makhleb the Destroyer
     5 | D        | Reached * piety under Makhleb
     5 | D        | Reached ** piety under Makhleb
     7 | D        | Noticed a bag of meat
     9 | D        | Killed a meat berserker
    10 | D        | Reached skill level 5 in Axes
    10 | D        | Reached XP level 13. HP: 101/113 MP: 0/0
    10 | D        | Learned a level 5 spell: Summon Forest
    10 | D        | Noticed a meat berserker
    11 | D        | Noticed a bag of meat
    12 | D        | Killed a meat berserker
    12 | D        | Noticed a meat berserker
    13 | D        | Reached XP level 14. HP: 86/123 MP: 0/0
    13 | D        | Noticed a meat berserker
    14 | D        | Noticed a bag of meat
    14 | D        | Killed a bag of meat
    15 | D        | Noticed a meat berserker
    15 | D        | Noticed a bag of meat
    16 | D        | Killed a meat berserker
    16 | D        | Reached *** piety under Makhleb
    16 | D        | Noticed a meat berserker
    16 | D        | Noticed a bag of meat
    16 | D        | Noticed a bag of meat
    17 | D        | Reached XP level 15. HP: 127/133 MP: 0/0
    17 | D        | Learned a level 6 spell: Eringya's Noxious Bog
    17 | D        | Noticed a destroyer
    17 | D        | Killed a meat berserker
    17 | D        | Noticed a meat berserker
    18 | D        | Reached skill level 15 in Spellcasting
    18 | D        | Killed a meat berserker
    18 | D        | Reached **** piety under Makhleb
    19 | D        | Reached skill level 10 in Axes
    19 | D        | Reached XP level 16. HP: 145/145 MP: 0/0
    19 | D        | Killed a meat berserker
    19 | D        | Killed a destroyer
    19 | D        | Noticed a large bag of meat
    20 | D        | Reached skill level 27 in Dodging
    20 | D        | Reached XP level 17. HP: 14/156 MP: 0/0
    20 | D        | Learned a level 6 spell: Conjure Ball Lightning
    20 | D        | Killed a meat berserker
    20 | D        | Reached ***** piety under Makhleb
    21 | D        | Reached skill level 27 in Fighting
    21 | D        | Reached skill level 10 in Stealth
    21 | D        | Reached XP level 18. HP: 92/167 MP: 0/0
    21 | D        | Noticed a meat berserker
    22 | D        | Killed a large bag of meat
    22 | D        | Noticed a destroyer
    22 | D        | Noticed a meat berserker
    24 | D        | Noticed a destroyer
    25 | D        | Killed a destroyer
    26 | D        | Reached skill level 27 in Unarmed Combat
    26 | D        | Reached XP level 19. HP: 174/174 MP: 0/0
    26 | D        | Learned a level 7 spell: Malign Gateway
    27 | D        | Killed a meat berserker
    27 | D        | Noticed a meat berserker
    28 | D        | Noticed a destroyer
    28 | D        | Noticed a meat berserker
    30 | D        | Noticed a sculptor of flesh
    30 | D        | Killed a destroyer
    30 | D        | Killed a sculptor of flesh
    30 | D        | Reached ****** piety under Makhleb
    31 | D        | Reached skill level 27 in Axes
    31 | D        | Reached XP level 20. HP: 169/181 MP: 0/0
    31 | D        | Noticed a meat berserker
    31 | D        | Noticed a meat berserker
    33 | D        | Killed a meat berserker
    33 | D        | Killed a meat berserker
    33 | D        | Noticed a meat berserker
    34 | D        | Reached skill level 27 in Spellcasting
    34 | D        | Killed a meat berserker
    35 | D        | Killed a destroyer
    35 | D        | Noticed a meat berserker
    36 | D        | Reached skill level 27 in Stealth
    36 | D        | Reached XP level 21. HP: 187/187 MP: 0/0
    36 | D        | Learned a level 7 spell: Orb of Destruction
    37 | D        | Noticed a destroyer
    37 | D        | Noticed a meat berserker
    38 | D        | Noticed a large bag of meat
    38 | D        | Killed a meat berserker
    38 | D        | Killed a meat berserker
    38 | D        | Killed a meat berserker
    38 | D        | Noticed a meat berserker
    39 | D        | Reached XP level 22. HP: 194/194 MP: 0/0
    39 | D        | Noticed a destroyer
    40 | D        | Killed a destroyer
    41 | D        | Reached skill level 10 in Short Blades
    41 | D        | Reached skill level 10 in Long Blades
    41 | D        | Reached skill level 10 in Staves
    41 | D        | Reached skill level 10 in Armour
    41 | D        | Reached skill level 10 in Shields
    41 | D        | Reached skill level 10 in Invocations
    41 | D        | Reached skill level 10 in Evocations
    41 | D        | Killed a meat berserker
    41 | D        | Noticed a meat berserker
    42 | D        | Killed a meat berserker
    42 | D        | Killed a meat berserker
    42 | D        | Noticed an eight-headed meat hydra
    43 | D        | Reached XP level 23. HP: 201/201 MP: 0/0
    43 | D        | Learned a level 8 spell: Infestation
    43 | D        | HP: 9/201 [large bag of meat/+9 giant spiked club (31)]
    44 | D        | Killed a large bag of meat
    49 | D        | Killed a destroyer
    50 | D        | Reached skill level 15 in Armour
    50 | D        | Reached skill level 15 in Shields
    50 | D        | Reached skill level 15 in Invocations
    50 | D        | Reached skill level 15 in Evocations
    50 | D        | Reached XP level 24. HP: 106/208 MP: 0/0
    51 | D        | Reached skill level 15 in Short Blades
    51 | D        | Reached skill level 15 in Long Blades
    51 | D        | Reached skill level 15 in Staves
    53 | D        | Noticed a tyrant
    62 | D        | Reached skill level 15 in Maces & Flails
    62 | D        | Reached skill level 15 in Polearms
    62 | D        | Reached skill level 15 in Slings
    62 | D        | Reached skill level 15 in Bows
    62 | D        | Reached skill level 15 in Crossbows
    62 | D        | Reached skill level 15 in Throwing
    62 | D        | Noticed a meat beast
    64 | D        | Reached XP level 25. HP: 118/214 MP: 0/0
    64 | D        | Learned a level 9 spell: Shatter
    64 | D        | Noticed a dread
    64 | D        | Noticed a tyrant
    65 | D        | Killed a tyrant
    65 | D        | Killed a meat beast
    66 | D        | Noticed a tyrant
    67 | D        | Annihilated by a meat berserker

Illustrated notes

Levels and vault maps discovered:
D:        meatsprint

Skill      XL: |  1  2  3  4  5  6  7  8  9 10 11 12 13 14 15 16 17 18 19 20 21 22 23 24 25 |
---------------+----------------------------------------------------------------------------+-----
Fighting       | 15 18 19 21 23 25 27 | 27.0
Axes           | 4 5 7 10 13 16 23 27 | 27.0
Dodging        | 16 19 20 22 25 27 | 27.0
Stealth        | 5 6 7 8 9 10 12 27 | 27.0
Unarmed Combat | 15 17 18 20 22 24 25 27 | 27.0
Spellcasting   | 10 12 13 14 16 18 19 23 25 27 | 27.0
Short Blades   | 8 12 14 17 18 | 18.9
Long Blades    | 8 12 14 17 19 | 19.0
Maces & Flails | 7 11 13 15 17 | 17.5
Polearms       | 7 11 13 15 17 | 17.5
Staves         | 8 12 14 17 19 | 19.0
Slings         | 7 11 13 15 17 | 17.5
Bows           | 7 11 13 15 17 | 17.5
Crossbows      | 7 11 13 15 17 | 17.5
Throwing       | 7 11 13 15 17 | 17.5
Armour         | 8 12 15 17 19 | 19.3
Shields        | 8 12 15 17 19 | 19.3
Invocations    | 8 12 15 17 19 | 19.3
Evocations     | 8 12 15 17 19 | 19.3

Action                   |  1- 3 |  4- 6 |  7- 9 | 10-12 | 13-15 | 16-18 | 19-21 | 22-24 | 25-27 || total
-------------------------+-------+-------+-------+-------+-------+-------+-------+-------+-------++-------
Melee: Executioner's axe |     1 |       |       |     1 |     5 |     5 |     6 |    15 |     1 ||    34
 Cast: Passage of Golubr |       |       |       |     1 |       |       |       |       |       ||     1
       Summon Forest     |       |       |       |       |     1 |       |       |     1 |       ||     2
       Conjure Ball Ligh |       |       |       |       |       |       |     1 |       |       ||     1
       Eringya's Noxious |       |       |       |       |       |       |     1 |     1 |       ||     2
       Infestation       |       |       |       |       |       |       |       |     1 |     1 ||     2
       Shatter           |       |       |       |       |       |       |       |       |     1 ||     1
Dodge: Dodged            |       |       |       |       |       |     1 |     2 |     1 |     2 ||     6

Table legend: (Time is in decaauts)
 A = Elapsed time spent in this place.
 B = Non-inter-level travel time spent in this place.
 C = Inter-level travel time spent in this place.
 D = Time resting spent in this place.
 E = Time spent auto-exploring this place.
 F = Levels seen in this place.
 G = Mean time per level.
                   A        B        C        D        E       F      G
               +--------+--------+--------+--------+--------+-----+--------+
         Total |     64 |     64 |      0 |      0 |      0 |   1 |   64.0 |
       Dungeon |     64 |     64 |      0 |      0 |      0 |   1 |   64.0 |
               +--------+--------+--------+--------+--------+-----+--------+

Top non-repeatable levels by time:
       D: 64 daAuts
